 Dungeon Crawl Stone Soup version 0.27.1-2-g3b301248ec (webtiles) character file.

Game seed: 16063072102825608194

2073 pokedragonboy the Destroyer (level 9, -10/45 HPs)
             Began as a Deep Elf Conjurer on Sept 22, 2021.
             Was a Follower of Kikubaaqudgha.
             Mangled by a two-headed ogre (22 damage)
             ... on level 5 of the Dungeon.
             The game lasted 00:22:33 (6545 turns).

pokedragonboy the Destroyer (Deep Elf Conjurer)     Turns: 6545, Time: 00:22:34

Health: -10/45     AC:  5    Str:  4    XL:     9   Next: 6%
Magic:  23/23      EV: 12    Int: 27    God:    Kikubaaqudgha [*.....]
Gold:   140        SH:  5    Dex: 13    Spells: 14/24 levels left

rFire    . . .     SeeInvis .   D - staff of death
rCold    + . .     Faith    .   (no shield)
rNeg     + . .     Spirit   .   a - +0 robe
rPois    .         Reflect  +   (no helmet)
rElec    .         Harm     .   (no cloak)
rCorr    .         Rampage  .   u - +2 pair of gloves
Will     +....                  (no boots)
Stlth    ++........             f - amulet of reflection
HPRegen  0.15/turn              m - ring of protection from cold
MPRegen  0.18/turn              w - ring of willpower

@: no status effects
A: no striking features
a: Renounce Religion, Receive Corpses


You were on level 5 of the Dungeon.
You worshipped Kikubaaqudgha.
Kikubaaqudgha was aware of your devotion.
You visited 1 branch of the dungeon, and saw 5 of its levels.

You collected 140 gold pieces.

Inventory:

Hand Weapons
 i - a +2 dagger of draining
Missiles
 d - 32 poisoned darts
 t - 7 boomerangs
Armour
 a - a +0 robe (worn)
 u - a +2 pair of gloves (worn)
Magical Staves
 D - a staff of death (weapon)
Jewellery
 f - an amulet of reflection (around neck)
 m - a ring of protection from cold (left hand)
 w - a ring of willpower (right hand)
Wands
 n - a wand of paralysis (9)
 y - a wand of digging (2)
Scrolls
 b - 2 scrolls of amnesia
 c - a scroll of enchant weapon {unknown}
 e - a scroll of torment
 h - a scroll of noise {unknown}
 k - a scroll of identify
 p - a scroll of brand weapon {unknown}
 v - 2 scrolls of fear {unknown}
 x - a scroll of enchant armour {unknown}
 z - a scroll of silence {unknown}
 C - a scroll of immolation {unknown}
Potions
 g - a potion of invisibility
 l - a potion of curing {unknown}
 q - 2 potions of might {unknown}
 r - a potion of lignification {unknown}
 s - 3 potions of heal wounds
 B - a potion of degeneration {unknown}


   Skills:
 - Level 2.4 Dodging
 - Level 2.4 Stealth
 + Level 8.2 Spellcasting
 + Level 8.8 Conjurations
 - Level 5.0 Hexes
 * Level 7.7 Necromancy


You had 14 spell levels left.
You knew the following spells:

 Your Spells              Type           Power      Damage    Failure   Level
a - Magic Dart            Conj           100%       1d8       1%          1
b - Searing Ray           Conj           100%       3d7       1%          2
c - Animate Skeleton      Necr           100%       N/A       1%          1
d - Fulminant Prism       Conj/Hex       24%        3d13      3%          4
e - Sublimation of Blood  Necr           34%        N/A       1%          2

Your spell library contained the following spells:

 Spells                   Type           Power      Damage    Failure   Level
 Pain                     Necr           100%       1d9       1%          1
 Dazzling Flash           Conj/Hex       96%        N/A       1%          3
 Vampiric Draining        Necr           34%        2d10      1%          3
 Iskenderun's Mystic Bla  Conj/Tloc      34%        2d8       9%          4
 Gell's Gravitas          Tloc           5%         N/A       16%         3
 Lesser Beckoning         Tloc           5%         N/A       16%         3
 Teleport Other           Tloc           11%        N/A       16%         3


Dungeon Overview and Level Annotations

Branches:
Dungeon (5/15)             Temple (0/1) D:4

Altars:
Kikubaaqudgha
Vehumet

Shops:
D:2 (


Message History

Your fulminant prism explodes!
The blast of energy engulfs the two-headed ogre!
The two-headed ogre is moderately wounded.
The ogre shouts!
Casting: Fulminant Prism (dangerous; 3% risk of failure)
Confirm with . or Enter, or press ? or * to list all spells.
Aiming: Fulminant Prism (dangerous; 3% risk of failure)
Press: ? - help, Dir - move target You conjure a prism of explosive energy!
A fulminant prism comes into view.
The two-headed ogre hits your fulminant prism with a +0 giant club!!
Your fulminant prism detonates feebly.
Casting: Fulminant Prism (dangerous; 3% risk of failure)
Confirm with . or Enter, or press ? or * to list all spells.
Aiming: Fulminant Prism (dangerous; 3% risk of failure)
Press: ? - help, Dir - move target You conjure a prism of explosive energy!
A fulminant prism comes into view.
Your fulminant prism crackles loudly.
The ogre hits your fulminant prism with a +0 giant spiked club!!
Your fulminant prism explodes!
The blast of energy engulfs the ogre!
The ogre is heavily wounded.
The blast of energy engulfs the two-headed ogre.
The two-headed ogre is moderately wounded.
You climb upwards.
There is a stone staircase leading down here.
You start resting.
Magic restored.
You start resting.
HP restored.
You climb downwards.
The two-headed ogre hits you with a +0 giant club!!
You block the two-headed ogre's attack. You block the ogre's attack.
There is a stone staircase leading up, spattered with blood here.
The two-headed ogre hits you with a +0 giant club!
* * * LOW HITPOINT WARNING * * *
The two-headed ogre hits you with a +0 giant spiked club!!
You die...
Kikubaaqudgha rasps: "You have failed me!
Welcome... death!"

#.#....# ##......#...........#.
#......# #....####>##.......##
#......#####...#..#.....(##..##
+##...#..#..#...................#
...+ #..........##.............#.
.#.# #...........####...###......
...###..#.......####...## #......
..#...#.##...)..#.##..## #.....#
....#......#..O<@......#.##.....#
.#####.....#...O...#.............
.####......#.....................
...<..###..###...................
#......###.......................
....#.###..............#......
....#.# #........^.....!.........
....#.. #..##....................
##........# #.....§.§...§......#.


You could see a two-headed ogre and an ogre.

Vanquished Creatures
  Grinder (D:3)
  Sigmund (D:2)
  A yak (D:5)
  Menkaure (D:5)
  Duvessa (D:4)
  An orc warrior (D:4)
  An ice beast (D:5)
  A hornet zombie (D:5)
  A sky beast (D:5)
  A necrophage (D:4)
  An ogre (D:5)
  A phantom (D:5)
  A bullfrog (D:4)
  A scorpion (D:5)
  Dowan (D:4)
  A water moccasin skeleton (D:5)
  A howler monkey (D:5)
  A bullfrog zombie (D:5)
  A hound (D:5)
  3 jellies
  A bullfrog skeleton (D:5)
  An orc priest (D:2)
  3 iguanas
  Ijyb (D:3)
  An orc wizard (D:2)
  A hound zombie (D:5)
  A howler monkey skeleton (D:5)
  6 adders
  An ufetubus (D:4)
  3 worms
  2 dart slugs
  6 orcs
  2 ball pythons
  5 bats
  6 endoplasms
  8 giant cockroaches
  5 goblins
  5 hobgoblins
  12 kobolds
  A quokka (D:1)
  3 frilled lizards
  7 rats
103 creatures vanquished.

Vanquished Creatures (others)
  4 fulminant prisms (D:5)
4 creatures vanquished.

Grand Total: 107 creatures vanquished

Notes
Turn   | Place    | Note
-------+----------+-------------------------------------------
     0 | D:1      | pokedragonboy the Deep Elf Conjurer began the quest for the
                  | Orb.
     0 | D:1      | Reached XP level 1. HP: 10/10 MP: 6/6
   209 | D:1      | Found a faded altar of an unknown god.
   315 | D:1      | Reached XP level 2. HP: 15/15 MP: 6/8
   318 | D:1      | Learned a level 2 spell: Searing Ray
   543 | D:1      | Reached skill level 5 in Conjurations
   974 | D:2      | Reached XP level 3. HP: 19/19 MP: 2/10
  1083 | D:2      | Found Runarchi's Weapon Shop.
  1170 | D:2      | Noticed Sigmund
  1177 | D:2      | Killed Sigmund
  1178 | D:2      | Reached skill level 5 in Spellcasting
  1178 | D:2      | Reached XP level 4. HP: 24/24 MP: 1/13
  1178 | D:2      | Reached XP level 5. HP: 28/28 MP: 1/14
  1183 | D:2      | Learned a level 4 spell: Fulminant Prism
  1311 | D:2      | Reached XP level 6. HP: 32/32 MP: 3/16
  2373 | D:3      | Found an ancient bone altar of Kikubaaqudgha.
  2416 | D:3      | Became a worshipper of Kikubaaqudgha
  2454 | D:3      | Found a radiant altar of Vehumet.
  2593 | D:3      | Noticed Ijyb
  2599 | D:3      | Killed Ijyb
  2600 | D:3      | Reached skill level 1 in Necromancy
  2773 | D:3      | Noticed Grinder
  2861 | D:3      | Learned a level 1 spell: Animate Skeleton
  3235 | D:3      | Killed Grinder
  3236 | D:3      | Reached XP level 7. HP: 21/36 MP: 8/18
  3692 | D:4      | Found a staircase to the Ecumenical Temple.
  3987 | D:4      | Reached * piety under Kikubaaqudgha
  3987 | D:4      | Received a gift from Kikubaaqudgha
  3991 | D:4      | Learned a level 2 spell: Sublimation of Blood
  4424 | D:4      | Noticed Dowan
  4796 | D:5      | Entered Level 5 of the Dungeon
  4805 | D:5      | Noticed Menkaure
  4829 | D:5      | Reached skill level 5 in Necromancy
  4993 | D:5      | Killed Menkaure
  4994 | D:5      | Reached XP level 8. HP: 41/41 MP: 7/20
  5407 | D:5      | Noticed a two-headed ogre
  5429 | D:4      | Noticed Duvessa
  5434 | D:4      | Killed Duvessa
  5436 | D:4      | Killed Dowan
  5775 | D:5      | Reached skill level 1 in Hexes
  6010 | D:5      | Reached XP level 9. HP: 17/45 MP: 15/23
  6153 | D:5      | Reached skill level 5 in Hexes
  6545 | D:5      | Mangled by a two-headed ogre

Illustrated notes

Levels and vault maps discovered:
D:1:      dpeg_arrival_orchard, layout_basic,
          shapermc_ecumenical_altar_mp_ritualfount, minmay_cupped
D:2:      layout_basic, serial_shops, shop, uniq_sigmund
D:3:      layout_basic, overflow_temple_1_default, nicolae_vehumet_radiance,
          uniq_ijyb, uniq_grinder
D:4:      kennysheep_spiral_hall, layout_basic, minmay_temple_entry_glass,
          uniq_duvessa
D:5:      layout_cave_pools, serial_glass, glass_columns_c, glass_columns_c,
          minmay_fractal_squares_diagonal_5, uniq_blork_the_orc, uniq_menkaure

Skill      XL: |  1  2  3  4  5  6  7  8  9 |
---------------+----------------------------+-----
Conjurations   | 5 6 7 8 |  8.8
Spellcasting   | 5 6 7 8 |  8.2
Necromancy     | 3 5 7 |  7.7
Hexes          | 4 5 |  5.0
Dodging        | |  2.4
Stealth        | |  2.4

Action                   |  1- 3 |  4- 6 |  7- 9 || total
-------------------------+-------+-------+-------++-------
Melee: Dagger            |       |       |     5 ||     5
       Staff             |       |       |     1 ||     1
 Cast: Magic Dart        |    38 |    43 |    69 ||   150
       Searing Ray       |     5 |    10 |    33 ||    48
       Animate Skeleton  |       |     2 |     8 ||    10
       Fulminant Prism   |       |       |     4 ||     4
Invok: Receive Corpses   |       |       |     1 ||     1
  Use: Scroll            |     2 |       |     2 ||     4
Armor: Robe              |     2 |     3 |     8 ||    13
Dodge: Dodged            |     9 |     2 |    27 ||    38
Block: Other             |       |       |     2 ||     2
